 Dungeon Crawl Stone Soup version 0.32-a0-411-g744942f433 (webtiles) character file.

Game seed: 11252849257666610030

18 ragingrage the Ruffian (level 2, 0/25 HPs)
             Began as a Naga Shapeshifter on Feb 21, 2024.
             Slain by a ball python (1 damage)
             ... on level 1 of the Dungeon.
             The game lasted 00:00:34 (264 turns).

ragingrage the Ruffian (Naga Shapeshifter)           Turns: 264, Time: 00:00:34

Health: 0/25       AC:  1    Str: 16    XL:     2   Next: 70%
Magic:  2/2        EV:  9    Int: 10    God:
Gold:   6          SH:  0    Dex: 10    Spells: 1/1 levels left

rFire   . .          .
                       - Unarmed
rCold   . . .        (no shield)
rNeg    . . .        a - +0 animal skin
rPois   +            (helmet currently unavailable)
rElec   .            (cloak currently unavailable)
rCorr   .            (gloves currently unavailable)
SInv    +            (no barding)
Will    .....        (no amulet)
Stlth   ++           (no ring)
HPRegen 0.24/turn    (no ring)
MPRegen 0.08/turn

%: no passive effects
@: short of breath, beast-form, very slow
A: beast (slay +1), AC +0, large, see invisible, deformed body, poison
resistance, slowness 2, spit poison 1, naga tail 1
a: Spit Poison, Begin Untransformation


You were on level 1 of the Dungeon.
You were a hulking beast.
You visited 1 branch of the dungeon, and saw 1 of its levels.

You collected 6 gold pieces.

Inventory:

Armour
 a - a +0 animal skin (worn)
Talismans
 c - a beast talisman (active)
 d - a flux talisman
Scrolls
 e - a scroll of vulnerability {unknown}
Potions
 b - a potion of lignification


   Skills:
 - Level 1.0 Fighting
 - Level 1.5 Dodging
 + Level 1.8 Stealth
 + Level 3.3 Unarmed Combat
 + Level 3.3 Shapeshifting


You had one spell level left.
You didn't know any spells.
Your spell library was empty.

Dungeon Overview and Level Annotations

Branches:
Dungeon (1/15)

Altars:


Innate Abilities, Weirdness & Mutations

You are a hulking beast.
Your limbs bulge with bestial killing power. (Slay +1)
Your serpentine skin is tough. (AC +0)
You have supernaturally acute eyesight. (SInv)
Armour fits poorly on your strangely shaped body.
Your system is resistant to poisons. (rPois)
You cover ground very slowly.
You can spit poison.
You have a snake-like lower body.


Message History

The splash of poison hits the frilled lizard.
You kill the frilled lizard!
Your Stealth skill increases to level 1!
You have reached level 2!
You see here a frilled lizard corpse.
You have got your breath back.
The gnoll shouts!
You hear an angry hiss.
A gnoll is nearby!
A gnoll is nearby!
A gnoll is nearby!
A rat comes into view.
The rat squeaks loudly.
Aiming: Spit Poison (2% risk of failure)
Press: ? - help, Shift-Dir - straight line, f - gnoll
Aim: a gnoll, wielding a +0 whip (65% to hit)
The splash of poison hits the gnoll.
The gnoll hits you with a +0 whip.
You hit the gnoll. You hit the gnoll. The gnoll misses you.
You barely miss the gnoll. The gnoll hits you with a +0 whip.
You closely miss the gnoll. The gnoll hits you with a +0 whip!
You hit the gnoll. The gnoll hits you with a +0 whip.
* * * LOW HITPOINT WARNING * * *
You can't do that yet.
Unknown command.
You hit the gnoll.
You kill the gnoll!
You have got your breath back.
You closely miss the ball python. The ball python misses you.
You closely miss the ball python. The ball python bites you.
* * * LOW HITPOINT WARNING * * *
Aiming: Spit Poison (2% risk of failure)
Press: ? - help, Shift-Dir - straight line, f - ball python
Aim: a ball python (54% to hit)
The splash of poison misses the ball python.
The splash of poison hits the rat!
The rat is poisoned.
You kill the rat!
The ball python bites you.
* * * LOW HITPOINT WARNING * * *
The ball python bites you.
You die...

#............#.##)#
#........[...#.##.#
#.#####'#....#.##.#
#.# #.#.........##
#.# #.............
#.# #[#...........
#.# #.#.#########.
#.#########....####.
#..hS†..............
######...####..####.
...####..####.
..............
...r.....###.#
....... ##. S......
#. ....... ##. #.#


You could see a ball python.

Vanquished Creatures
  A gnoll (D:1)
  2 goblins (D:1)
  A hobgoblin (D:1)
  A frilled lizard (D:1)
  A rat (D:1)
6 creatures vanquished.

Notes
Turn   | Place    | Note
-------+----------+-------------------------------------------
     0 | D:1      | ragingrage the Naga Shapeshifter began the quest for the
                  | Orb.
     0 | D:1      | Reached XP level 1. HP: 18/18 MP: 1/1
   158 | D:1      | Found a faded altar of an unknown god.
   230 | D:1      | Reached skill level 1 in Stealth
   230 | D:1      | Reached XP level 2. HP: 25/25 MP: 2/2
   264 | D:1      | HP: 1/25 [ball python (2)]
   264 | D:1      | Slain by a ball python

Illustrated notes

Levels and vault maps discovered:
D:1:      dpeg_arrival_radiant, layout_basic, shapermc_ecumenical_altar_venn,
          kennysheep_small_spiral

Skill      XL: |  1 |
---------------+----+-----
Stealth        | 1 |  1.8
Fighting       | |  1.0
Dodging        | |  1.5
Unarmed Combat | |  3.3
Shapeshifting  | |  3.3

Action                     || total
---------------------------++-------
  Melee: Unarmed           ||    12
Ability: Spit Poison       ||     6
 Armour: Animal skin       ||     9
  Dodge: Dodged            ||     3

Table legend: (Time is in decaauts)
 A = Elapsed time spent in this place.
 B = Non-inter-level travel time spent in this place.
 C = Inter-level travel time spent in this place.
 D = Time resting spent in this place.
 E = Time spent auto-exploring this place.
 F = Levels seen in this place.
 G = Mean time per level.
                   A        B        C        D        E       F      G
               +--------+--------+--------+--------+--------+-----+--------+
         Total |    345 |    345 |      0 |      0 |    278 |   1 |  345.0 |
       Dungeon |    345 |    345 |      0 |      0 |    278 |   1 |  345.0 |
               +--------+--------+--------+--------+--------+-----+--------+

Top non-repeatable levels by time:
     D:1: 345 daAuts
